 Dungeon Crawl Stone Soup version 0.30.0-29-ga12c61a403 (webtiles) character file.

Game seed: 2816333667911163514

44 AIAndy the Chiller (level 3, -1/27 HPs)
             Began as a Demonspawn Wanderer on June 6, 2023.
             Killed from afar by an orc wizard (12 damage)
             ... with a puff of flame
             ... on level 2 of the Dungeon.
             The game lasted 00:09:25 (1124 turns).

AIAndy the Chiller (Demonspawn Wanderer)            Turns: 1124, Time: 00:09:29

Health: -1/27      AC:  2    Str: 11    XL:     3   Next: 41%
Magic:  5/5        EV: 11    Int: 14    God:
Gold:   54         SH:  4    Dex: 14    Spells: 1/5 levels left

rFire   . . .        j - +2 dagger (freeze)
rCold   . . .        b - +0 buckler
rNeg    . . .        d - +0 robe
rPois   .            (no helmet)
rElec   .            (no cloak)
rCorr   .            (no gloves)
SInv    .            (no boots)
Will    +....        (no amulet)
Stlth   +            a - ring of willpower
HPRegen 0.24/turn    (no ring)
MPRegen 0.18/turn

%: no passive effects
@: no status effects
A: hooves 1, magic regeneration
a: no special abilities


You were on level 2 of the Dungeon.
You visited 1 branch of the dungeon, and saw 2 of its levels.

You collected 54 gold pieces.

Inventory:

Hand Weapons
 j - a +2 dagger of freezing (weapon)
Missiles
 h - 10 stones
Armour
 b - a +0 buckler (worn)
 d - a +0 robe (worn)
Jewellery
 a - a ring of willpower (left hand)
Scrolls
 c - a scroll of butterflies
 g - a scroll of noise {unknown}
 i - a scroll of brand weapon {unknown}
 k - 2 scrolls of poison {unknown}
 l - a scroll of fear {unknown}
 m - a scroll of enchant weapon {unknown}
Potions
 e - 2 potions of lignification
 f - a potion of curing {unknown}


   Skills:
 - Level 2.0 Fighting
 - Level 1.0 Armour
 - Level 1.0 Dodging
 + Level 1.8 Shields
 + Level 1.8 Spellcasting
 + Level 3.7 Ice Magic


You had one spell level left.
You knew the following spells:

 Your Spells              Type           Power      Damage    Failure   Level
a - Freeze                Ice            44%        1d6       8%          1
b - Frozen Ramparts       Ice            22%        1d4       22%         3

Your spell library contained the following spells:

 Spells                   Type           Power      Damage    Failure   Level
 Summon Ice Beast         Ice/Summ       6%         N/A       86%         4


Dungeon Overview and Level Annotations

Branches:
Dungeon (2/15)

Altars:


Innate Abilities, Weirdness & Mutations

You have large cloven feet.
You regenerate magic rapidly.


Message History

You freeze the ball python.
You kill the ball python!
The bat hits you.
Found a stone staircase leading down.
The bat closely misses you.
You miss the bat. The bat hits you. x2
You closely miss the bat. You kick the bat, but do no damage.
The bat completely misses you. The bat barely misses you. The bat hits you.
Casting: Freeze (safe; 8% risk of failure)
Confirm with . or Enter, or press ? or * to list all spells.
Aiming: Freeze (safe; 8% risk of failure)
Press: ? - help, Shift-Dir - straight line, f - bat
Aim: a bat You miscast Freeze.
Nothing appears to happen.
The bat hits you but does no damage. The bat barely misses you.
You hit the bat. You freeze the bat.
You kill the bat!
You see here 2 poisoned darts.
Your magical contamination has completely faded away.
m - a scroll labelled MUCOSH NESH An orc wizard comes into view.
It is wielding a +1 dagger of freezing.
The orc wizard shouts!
The orc wizard casts a spell at you. The magic dart hits you.
An orc wizard comes into view. It is wielding a +0 dagger.
The orc wizard shouts!
The orc wizard points at you and mumbles some strange words.
You resist with almost no effort.
The orc wizard mumbles some strange words.
The orc wizard flickers and vanishes!
Deactivating autopickup; reactivate with Ctrl-A.
An orc priest comes into view. It is wielding a +0 mace.
Something hits you but does no damage.
The orc priest invokes the aid of Beogh against you.
Beogh smites you!
You hear some strange, mumbled words.
A puff of flame appears from out of thin air!
The puff of flame hits you!
You die...

... #.. # ... #.### ...
###.##. .. ...... ##
#.#####.### #..
#.#........ #...
######..†##..###
#..oo####.............##
#{.@..............#
#####.......(.†...#
#.............#
#.............#
#.............#
#........######
#........# #.>......#
##########


You could see an orc priest and an orc wizard.

Vanquished Creatures
  A dart slug (D:1)
  6 bats
  3 endoplasms (D:1)
  A giant cockroach (D:1)
  3 goblins (D:1)
  4 hobgoblins
  5 jackals (D:1)
  4 kobolds (D:1)
  A quokka (D:2)
  5 ball pythons
  4 frilled lizards
37 creatures vanquished.

Notes
Turn   | Place    | Note
-------+----------+-------------------------------------------
     0 | D:1      | AIAndy the Demonspawn Wanderer began the quest for the Orb.
     0 | D:1      | AIAndy set off with the following items: a +0 dagger, a +0
                  | buckler, a scroll of butterflies, a +0 robe, a potion of
                  | lignification; and the following spell memorised: Freeze;
                  | and the following spells available to memorise: Frozen
                  | Ramparts, Summon Ice Beast.
     0 | D:1      | Reached XP level 1. HP: 16/16 MP: 2/2
   147 | D:1      | Reached skill level 3 in Ice Magic
   219 | D:1      | Gained mutation: You have large cloven feet. [demonic
                  | ancestry]
   219 | D:1      | Reached XP level 2. HP: 9/22 MP: 0/3
   662 | D:1      | Gained mutation: You regenerate magic rapidly. [demonic
                  | ancestry]
   662 | D:1      | Reached XP level 3. HP: 15/27 MP: 0/5
  1051 | D:1      | Learned a level 3 spell: Frozen Ramparts
  1063 | D:2      | Noticed an ogre
  1124 | D:2      | Killed from afar by an orc wizard

Illustrated notes

Levels and vault maps discovered:
D:1:      dpeg_arrival_round_a, layout_rooms
D:2:      layout_rooms

Skill      XL: |  1 |
---------------+----+-----
Ice Magic      | 3 |  3.7
Fighting       | |  2.0
Armour         | |  1.0
Dodging        | |  1.0
Shields        | |  1.8
Spellcasting   | |  1.8

Action                     || total
---------------------------++-------
  Melee: Dagger            ||    54
         Kick              ||     3
   Cast: Freeze            ||    46
 Armour: Robe              ||    33
  Dodge: Dodged            ||    65
  Block: Buckler           ||    17
